 Dungeon Crawl Stone Soup version 0.31-a0-977-gc230f8ef24 (webtiles) character file.

Game seed: 16153329984921842353

2353 croobank the Fighter (level 9, -4/49 (81) HPs)
             Began as a Minotaur Berserker on Oct 29, 2023.
             Was a Priest of Trog.
             Slain by Jeremiah
             ... wielding a +2 trident of draining
              (8 damage)
             ... on level 6 of the Dungeon.
             The game lasted 00:14:55 (4890 turns).

croobank the Fighter (Minotaur Berserker)           Turns: 4890, Time: 00:14:55

HP:   -4/49 (81)    AC: 11    Str: 25    XL:     9   Next: 20%
MP:   8/8           EV: 19    Int:  4    God:    Trog [***...]
Gold: 173           SH:  0    Dex: 11    Spells: 8/8 levels left

rFire   . . .        A - +3 halberd
rCold   . . .        (shield currently unavailable)
rNeg    . . .        n - +5 robe of Misfortune {Harm *Corrode *Slow EV+5}
rPois   .            (helmet restricted)
rElec   .            k - +0 cloak
rCorr   .            (no gloves)
SInv    .            j - +1 pair of boots
Will    +....        (no amulet)
Stlth   +            d - ring of willpower
HPRegen 0.28/turn    (no ring)
MPRegen 0.11/turn

%: corrode self (3%), slow self (1%), harm (+30% outgoing, +20% incoming)
@: on berserk cooldown, slowed, very heavily drained, very slow
A: horns 2, retaliatory headbutt
a: Renounce Religion, Berserk, Trog's Hand


You were on level 6 of the Dungeon.
You worshipped Trog.
Trog was most pleased with you.
You visited 1 branch of the dungeon, and saw 6 of its levels.
You also visited: Ossuary.

You collected 231 gold pieces.
You spent 58 gold pieces at shops.

Inventory:

Hand Weapons
 a - a +0 hand axe
 b - a +1 arbalest
 A - a +3 halberd (weapon)
Missiles
 g - a throwing net
 u - 13 poisoned darts
Armour
 j - a +1 pair of boots (worn)
 k - a +0 cloak (worn)
 n - the +5 robe of Misfortune (worn) {Harm *Corrode *Slow EV+5}
   (You found it on level 2 of the Dungeon)

   EV+5:      It affects your evasion (+5).
   *Corrode:  It may corrode you when you take damage.
   *Slow:     It may slow you when you take damage.
   Harm:      It increases damage dealt and taken.
 p - a +0 ring mail
Jewellery
 d - a ring of willpower (left hand)
Wands
 h - a wand of acid (9)
 w - a wand of mindburst (21)
 y - a wand of flame (28)
Scrolls
 c - 3 scrolls of immolation
 e - a scroll of butterflies
 f - 3 scrolls of teleportation
 l - a scroll of enchant weapon
 v - 2 scrolls of blinking
 x - 4 scrolls of fog
 C - 8 scrolls of noise
Potions
 i - 2 potions of ambrosia
 m - 3 potions of lignification
 o - a potion of mutation {unknown}
 q - a potion of enlightenment {unknown}
 r - a potion of resistance {unknown}
 s - 3 potions of curing {unknown}
 t - 3 potions of cancellation {unknown}
 z - a potion of might


   Skills:
 + Level 8.3 Fighting
 + Level 8.2 Axes
 + Level 7.7 Armour
 + Level 7.0 Dodging


You had 8 spell levels left.
You didn't know any spells.
Your spell library was empty.

Dungeon Overview and Level Annotations

Branches:
Dungeon (6/15)             Temple (0/1) D:5         Ossuary (visited)

Altars:
Hepliaklqana
Okawaru
Vehumet

Shops:
D:3 [:

Annotations:
D:5 need digging
D:6 Jeremiah


Innate Abilities, Weirdness & Mutations

You have a pair of horns on your head.
You reflexively headbutt those who attack you in melee.


Message History

The butterfly disappears in a burst of colours! x3
Jeremiah shouts, "O dreadful one, destroy my foe!"
Something smites you!
You slash the butterfly!
You kill the butterfly!
The butterfly disappears in a burst of colours! x3
You miss the butterfly.
The butterfly disappears in a burst of colours! x2
Jeremiah lets out a twisted cry.
Something smites you!
You barely miss the butterfly.
The butterfly disappears in a burst of colours!
You miss the butterfly.
The butterfly disappears in a burst of colours!
The butterfly disappears in a burst of colours! x2
Jeremiah hits you from afar with a +2 trident of draining.
You feel drained. Jeremiah misses you.
You barely miss the butterfly.
The butterfly disappears in a burst of colours!
Jeremiah throws their arms up pleadingly.
Something smites you!
* * * LOW HITPOINT WARNING * * *
Jeremiah hits you but does no damage.
You feel drained.
You hit the butterfly.
You kill the butterfly!
The butterfly disappears in a burst of colours! x4
Jeremiah barely misses you.
You closely miss the butterfly.
Jeremiah asks, "Where am I?
Why are you fighting me?" Jeremiah closely misses you. x2
Aiming: Mindburst
Press: ? - help, Shift-Dir - straight line, f - Jeremiah
Aim: Jeremiah, wielding a +2 trident of draining, wearing a +0 robe of willpower and wearing an orb of energy (chance to affect: 16%)
The butterfly is unaffected.
Jeremiah mumbles a slurred invocation.
Something smites you!
* * * LOW HITPOINT WARNING * * *
Jeremiah hits you from afar with a +2 trident of draining!
You die...
Jeremiah says, "O terrible one, your will is done."

#.# #.# ###.# #.# #.#
...# #.# #.# #..# #.# #.#
#..# #.# #.#
##########..# #b# #.#
.........b..######b# #.#
######†#.....b.bbbb####.#
...<...#.#b.b.b.@bFbbb<.#
########.#.##############
#.#.# #.#.# #.#.# #...#
.#


You could see Jeremiah.

Vanquished Creatures
  The ghost of timneilson the Insei, a novice GnSh (D:3)
  Grinder (D:3)
  Sigmund (D:3)
  2 black bears
  2 ogres (D:5)
  A centaur (D:3)
  2 phantoms
  A bullfrog (D:3)
  5 scorpions
  A howler monkey (D:4)
  2 human zombies (Ossuary)
  5 hounds
  2 jellies (D:5)
  A gnoll bouda (D:5)
  2 orc priests (D:4)
  An orc wizard (D:5)
  An iguana (D:4)
  5 mummies (Ossuary)
  Robin (D:3)
  6 gnolls (D:5)
  9 adders
  A worm (D:2)
  2 dart slugs (D:3)
  14 orcs
  9 ball pythons
  11 endoplasms
  2 giant cockroaches
  13 goblins
  7 hobgoblins
  2 jackals (D:5)
  17 kobolds
  3 quokkas
  5 bats
  2 frilled lizards
  A hobgoblin zombie (Ossuary)
  3 kobold zombies (Ossuary)
  2 orc zombies (Ossuary)
  4 rats
150 creatures vanquished.

Vanquished Creatures (collateral kills)
  A gnoll (D:5)
1 creature vanquished.

Grand Total: 151 creatures vanquished

Notes
Turn   | Place    | Note
-------+----------+-------------------------------------------
     0 | D:1      | croobank the Minotaur Berserker began the quest for the
                  | Orb.
     0 | D:1      | Reached XP level 1. HP: 19/19 MP: 0/0
    56 | D:1      | Reached XP level 2. HP: 8/27 MP: 1/1
   425 | D:1      | Reached ** piety under Trog
   497 | D:1      | Reached XP level 3. HP: 30/33 MP: 2/2
  1099 | D:2      | Found the +5 robe of Misfortune {Harm *Corrode *Slow EV+5}
  1540 | D:3      | Reached XP level 4. HP: 41/41 MP: 3/3
  1547 | D:3      | Noticed a scorpion
  1549 | D:3      | Found a runed translucent door.
  1550 | D:3      | Noticed a bullfrog
  1554 | D:3      | Killed a scorpion
  1561 | D:3      | Noticed timneilson's ghost (novice GnSh)
  1581 | D:3      | Found Ceesem's Book Emporium.
  1581 | D:3      | Noticed Robin
  1596 | D:3      | Reached XP level 5. HP: 47/47 MP: 4/4
  1606 | D:3      | Killed Robin
  1990 | D:3      | Noticed Grinder
  2010 | D:3      | Killed Grinder
  2011 | D:3      | Reached skill level 5 in Fighting
  2011 | D:3      | Reached skill level 5 in Axes
  2011 | D:3      | Reached XP level 6. HP: 50/56 MP: 5/5
  2099 | D:3      | Found Aveil's Weapon Boutique.
  2120 | D:3      | Reached *** piety under Trog
  2405 | D:3      | Found Ojaj's Armour Shoppe.
  2413 | D:3      | Bought a +0 pair of boots for 58 gold pieces
  2679 | D:3      | Noticed Sigmund
  2688 | D:3      | Killed Sigmund
  2689 | D:3      | Reached skill level 5 in Armour
  2689 | D:3      | Reached XP level 7. HP: 55/62 MP: 6/6
  2778 | D:3      | Killed timneilson's ghost
  2779 | D:3      | Reached skill level 5 in Dodging
  2827 | D:4      | Reached XP level 8. HP: 71/71 MP: 7/7
  2867 | D:4      | Found a sand-covered staircase.
  2872 | Ossuary  | Entered an ossuary
  3326 | D:4      | Reached **** piety under Trog
  3620 | D:4      | Found an iron altar of Okawaru.
  3679 | D:4      | Found a radiant altar of Vehumet.
  3722 | D:5      | Entered Level 5 of the Dungeon
  3799 | D:5      | Found a hazy altar of Hepliaklqana.
  3957 | D:5      | Found a staircase to the Ecumenical Temple.
  3973 | D:5      | Reached XP level 9. HP: 27/81 MP: 8/8
  4616 | D:6      | Noticed Jeremiah
  4890 | D:6      | Slain by Jeremiah

Illustrated notes

Levels and vault maps discovered:
D:1:      minmay_arrival_diagonal_passages, layout_rooms, minivault_14,
          minmay_stone_trees_large
D:2:      layout_basic
D:3:      layout_basic, serial_shops, shop, nicolae_shop_waterfront, shop,
          ebering_ghost_sewer_d, uniq_robin, uniq_sigmund, uniq_grinder
D:4:      layout_cave_pools, vehumet_altar_wand_db,
          lemuel_coloured_pillars_altar, enter_ossuary_2,
          chequers_hall_statues_corner_a
D:5:      layout_rooms, mainiacjoe_overflow_catwalk, minmay_temple_entry_ruins,
          serial_glass, glass_columns_b, glass_columns_c, feat_on_display,
          due_unseen_surprise, item_on_display_a, feat_on_display,
          amcnicky_mini_pool_medium
D:6:      layout_loops_ring, nicolae_shop_self_help, uniq_jeremiah

Skill      XL: |  1  2  3  4  5  6  7  8  9 |
---------------+----------------------------+-----
Fighting       | 4 5 6 7 8 |  8.3
Axes           | 4 5 6 7 8 |  8.2
Armour         | 3 4 5 6 7 |  7.7
Dodging        | 3 4 5 6 7 |  7.0

Action                     |  1- 3 |  4- 6 |  7- 9 || total
---------------------------+-------+-------+-------++-------
  Melee: Hand axe          |    95 |    68 |       ||   163
         Headbutt          |    10 |    11 |    20 ||    41
         Punch             |     1 |     1 |       ||     2
         Halberd           |       |       |   236 ||   236
   Fire: Arbalest          |       |     7 |       ||     7
 Invoke: Berserk           |     1 |       |     4 ||     5
         Trog's Hand       |       |       |     1 ||     1
         Brothers in Arms  |       |       |     1 ||     1
  Evoke: Wand              |       |       |     1 ||     1
    Use: Scroll            |       |     8 |     4 ||    12
         Potion            |       |     1 |       ||     1
   Stab: Sleeping          |       |       |     2 ||     2
 Armour: Animal skin       |    54 |       |       ||    54
         Robe              |     1 |    45 |    88 ||   134
  Dodge: Dodged            |    54 |    73 |   156 ||   283

Table legend: (Time is in decaauts)
 A = Elapsed time spent in this place.
 B = Non-inter-level travel time spent in this place.
 C = Inter-level travel time spent in this place.
 D = Time resting spent in this place.
 E = Time spent auto-exploring this place.
 F = Levels seen in this place.
 G = Mean time per level.
                   A        B        C        D        E       F      G
               +--------+--------+--------+--------+--------+-----+--------+
         Total |   5025 |   4861 |    164 |    906 |   2795 |   7 |  717.9 |
       Dungeon |   4768 |   4604 |    164 |    906 |   2645 |   6 |  794.7 |
       Ossuary |    257 |    257 |      0 |      0 |    150 |   1 |  257.0 |
               +--------+--------+--------+--------+--------+-----+--------+

Top non-repeatable levels by time:
     D:3: 1335 daAuts
     D:5: 1091 daAuts
     D:2: 779 daAuts
     D:1: 754 daAuts
     D:4: 665 daAuts
 Ossuary: 257 daAuts
     D:6: 139 daAuts
